 Dungeon Crawl Stone Soup version 0.23.2-1-ga50397a (webtiles) character file.

Game seed: 13491281905798771602

149 troglodite the Shield-Bearer (level 5, 0/41 HPs)
             Began as a Demonspawn Fighter on May 21, 2019.
             Slain by a worker ant (5 damage)
             ... on level 3 of the Dungeon.
             The game lasted 00:07:52 (2597 turns).

troglodite the Shield-Bearer (Demonspawn Fighter)   Turns: 2597, Time: 00:07:52

Health: 0/41       AC: 10    Str: 16 (19) XL:     5   Next: 9%
Magic:  5/5        EV:  9    Int:  7 (9)  God:
Gold:   143        SH:  8    Dex: 16 (18) Spells: 4/4 levels left

rFire    . . .     SeeInvis .   a - +0 long sword
rCold    . . .     Gourm    .   c - +0 shield
rNeg     . . .     Faith    .   h - +0 chain mail
rPois    .         Spirit   .   (helmet restricted)
rElec    .         Reflect  .   (no cloak)
rCorr    .         Harm     .   l - +0 pair of gloves
MR       .....                  p - +0 pair of boots
Stlth    ..........             j - amulet of inaccuracy (curse)
HPRegen  0.13/turn              k - +2 ring of strength
MPRegen  0.09/turn              (no ring)

@: agile, lethally poisoned (0 -> -5), heavily drained
A: horns 1, powered by death 1
a: no special abilities


You were on level 3 of the Dungeon.
You were hungry.

You visited 1 branch of the dungeon, and saw 4 of its levels.

You collected 143 gold pieces.

Inventory:

Hand Weapons
 a - a +0 long sword (weapon)
Armour
 c - a +0 shield (worn)
 h - a +0 chain mail (worn)
 l - a +0 pair of gloves (worn)
 p - a +0 pair of boots (worn)
Jewellery
 j - a cursed amulet of inaccuracy (around neck)
 k - a +2 ring of strength (left hand)
Scrolls
 g - a scroll of fear
 m - 3 scrolls of remove curse
 o - a scroll of teleportation {unknown}
Potions
 d - a potion of might
 i - 2 potions of agility
Comestibles
 b - 2 chunks of flesh
 f - 7 rations


   Skills:
 * Level 3.4(1.9) Fighting
 + Level 2.7(1.2) Long Blades
 * Level 3.4(1.9) Armour
 * Level 1.3(0.0) Dodging
 + Level 0.3(0.0) Stealth
 * Level 3.5(1.9) Shields


You had 4 spell levels left.
You didn't know any spells.
Your spell library was empty.

Dungeon Overview and Level Annotations

Branches:
Dungeon (4/15)
 Temple: D:4-7

Altars:
Wu Jian


Innate Abilities, Weirdness & Mutations

You have a pair of small horns on your head.
You regenerate a little health from kills.


Message History

You block the adder's attack.
You closely miss the adder.
The adder is heavily wounded.
* * * LOW HITPOINT WARNING * * *
You feel sick. The worker ant barely misses you.
The adder bites you but does no damage.
The worker ant bites you but does no damage.
The adder bites you but does no damage.
You closely miss the adder.
The adder is heavily wounded.
* * * LOW HITPOINT WARNING * * *
You feel sick. You block the adder's attack. You block the worker ant's attack.
Unknown command.
You miss the adder.
The adder is heavily wounded.
* * * LOW HITPOINT WARNING * * *
You feel sick. The adder closely misses you.
You riposte.
You miss the adder.
The adder is heavily wounded.
The worker ant bites you.
You die...

#.#.##.......##.#
#.#####.#.##.
#............##.###.#
#.#.##.
###.##.......##.#...#
#...##.
#.####..#####(#.#.#
#.####. #.#
#..#####(..).#####......
#.#
#).........#.......#####
#.# #..####.#.##.#######
#.# #.....a###...#
#####.# ##.####@#.####
......#####.#####S##
####..............#
#........#######
##########


You could see a worker ant and an adder.

Vanquished Creatures
  A bullfrog (D:2)
  An adder (D:3)
  An ooze (D:3)
  A worm (D:2)
  6 dart slugs
  A leopard gecko (D:3)
  2 orcs
  A ball python (D:3)
  2 bats
  2 giant cockroaches
  8 goblins
  3 hobgoblins
  3 jackals (D:4)
  7 kobolds
  A quokka (D:4)
  4 frilled lizards
  5 rats
49 creatures vanquished.

Notes
Turn   | Place    | Note
-------+----------+-------------------------------------------
     0 | D:1      | troglodite the Demonspawn Fighter began the quest for the
                  | Orb.
     0 | D:1      | Reached XP level 1. HP: 18/18 MP: 1/1
   283 | D:1      | Gained mutation: You regenerate a little health from kills.
                  | [demonic ancestry]
   283 | D:1      | Reached XP level 2. HP: 19/24 MP: 2/2
   915 | D:2      | Reached XP level 3. HP: 26/29 MP: 3/3
   989 | D:2      | Noticed a bullfrog
   999 | D:2      | Killed a bullfrog
   999 | D:2      | Reached skill level 1 in Dodging
   999 | D:2      | Reached XP level 4. HP: 5/35 MP: 4/4
  1349 | D:2      | Found an ornate altar of the Wu Jian Council.
  2028 | D:3      | Gained mutation: You have a pair of small horns on your
                  | head. [demonic ancestry]
  2028 | D:3      | Reached XP level 5. HP: 41/41 MP: 5/5
  2597 | D:3      | Slain by a worker ant

Skill      XL: |  1  2  3 |
---------------+----------+-----
Shields        | 3 |  3.5
Armour         | 3 |  3.4
Long Blades    | 2 |  2.7
Dodging        | 1 |  1.3
Fighting       | |  3.4
Stealth        | |  0.3

Action                   |  1- 3 |  4- 6 || total
-------------------------+-------+-------++-------
Melee: Long sword        |   102 |    69 ||   171
       Headbutt          |       |     7 ||     7
  Use: Scroll            |       |     2 ||     2
       Potion            |       |     4 ||     4
  Eat: Chunk             |       |     5 ||     5
Armor: Scale mail        |    34 |     8 ||    42
       Chain mail        |       |    46 ||    46
Dodge: Dodged            |    25 |    28 ||    53
Block: Shield            |    53 |    51 ||   104
       Rpst.: Long sword |     7 |    12 ||    19
